 Dungeon Crawl Stone Soup version 0.31-a0-167-g1c394c0614 (webtiles) character file.

Game seed: 1313404770542820094

91 Moral the Slasher (level 4, -2/36 HPs)
             Began as a Merfolk Gladiator on June 15, 2023.
             Slain by Grinder (6 damage)
             ... while paralysed by Grinder
             ... on level 3 of the Dungeon.
             The game lasted 00:05:07 (1958 turns).

Moral the Slasher (Merfolk Gladiator)               Turns: 1958, Time: 00:05:07

Health: -2/36      AC:  4    Str: 14    XL:     4   Next: 57%
Magic:  4/4        EV:  2    Int:  7    God:
Gold:   172        SH:  0    Dex: 17    Spells: 3/3 levels left

rFire   . . .        a - +0 long sword
rCold   . . .        (no shield)
rNeg    . . .        b - +0 leather armour
rPois   .            c - +0 helmet
rElec   .            (no cloak)
rCorr   .            (no gloves)
SInv    .            (no boots)
Will    .....        (no amulet)
Stlth   +            (no ring)
HPRegen 0.26/turn    (no ring)
MPRegen 0.09/turn

%: no passive effects
@: paralysed
A: (nimble swimmer 2), mertail
a: no special abilities


You were on level 3 of the Dungeon.
You visited 1 branch of the dungeon, and saw 3 of its levels.

You collected 172 gold pieces.

Inventory:

Hand Weapons
 a - a +0 long sword (weapon)
Armour
 b - a +0 leather armour (worn)
 c - a +0 helmet (worn)
Jewellery
 f - a ring of wizardry
Wands
 r - a wand of flame (22)
Scrolls
 d - 4 scrolls of identify {unknown}
 g - 2 scrolls of teleportation {unknown}
 h - 2 scrolls of enchant weapon {unknown}
 j - a scroll of poison {unknown}
 k - a scroll of immolation {unknown}
 m - 2 scrolls of fear {unknown}
 n - a scroll of enchant armour {unknown}
 o - a scroll of revelation {unknown}
 p - a scroll of vulnerability {unknown}
 q - a scroll of brand weapon {unknown}
Potions
 e - a potion of attraction {unknown}
 i - a potion of berserk rage {unknown}
 l - a potion of brilliance {unknown}


   Skills:
 * Level 3.6 Fighting
 * Level 4.8 Long Blades
 - Level 2.0 Throwing
 + Level 4.7 Dodging


You had 3 spell levels left.
You didn't know any spells.
Your spell library contained the following spells:

 Spells                   Type           Power      Damage    Failure   Level
 Sting                    Tmut/Pois      0%         1d3       52%         1
 Poisonous Vapours        Pois/Air       0%         N/A       65%         2
 Sublimation of Blood     Necr           0%         N/A       65%         2
 Wereblood                Tmut           0%         N/A       65%         2
 Olgreb's Toxic Radiance  Pois           0%         N/A       99%         4
 Summon Hydra             Summ           0%         N/A       100%        7


Dungeon Overview and Level Annotations

Branches:
Dungeon (3/15)

Altars:
Wu Jian
Yredelemnul

Annotations:
D:3 Grinder


Innate Abilities, Weirdness & Mutations

((You are very nimble when in or above water. (Stealth+, EV+, Speed+++)))
Your lower body shifts to a powerful aquatic tail in water.


Message History

The adder hisses angrily.
Found a stone staircase leading down.
Grinder comes into view.
Grinder shouts!
You hit the adder.
The adder is severely wounded.
The adder bites you but does no damage.
Unknown command.
You closely miss the adder.
The adder is severely wounded.
The adder bites you.
You are poisoned.
The adder poisons you! The adder barely misses you.
Grinder blinks!
You miss the adder.
The adder is severely wounded.
You feel sick. The adder bites you.
You hit the adder but do no damage.
The adder is severely wounded.
You feel sick. The adder bites you.
Grinder grins, showing sharp teeth.
The adder bites you but does no damage.
You barely miss the adder.
The adder is severely wounded.
You feel sick. The adder bites you. Grinder hits you but does no damage.
You hit the adder.
You kill the adder!
You feel sick. Grinder closely misses you.
You hit Grinder.
Grinder is lightly wounded.
You feel sick. Grinder gestures at you.
You suddenly lose the ability to move!
Grinder hits you.
You writhe in agony.
You feel sick.
You are no longer poisoned.
Grinder hits you.
* * * LOW HITPOINT WARNING * * *
Grinder hits you.
* * * LOW HITPOINT WARNING * * *
You writhe in agony.
You die...

#..........#..##.######.#....
##########.#............#....
#...............###....
#......#..........#....
#.....##.######...#....
#.....##.#### ##.......
#......#....# #.......
#......####.# #.......
#.....@# #.####.......
#......†5..#....'.......
#..####.....######....... #.#
.##..... #....... #. #.
.###.# #....... .# .# #
#....... >. .# ######## .##
.#


You could see Grinder.

Vanquished Creatures
  Jessica (D:3)
  2 adders (D:3)
  3 worms (D:2)
  2 endoplasms
  2 giant cockroaches (D:1)
  2 hobgoblins (D:1)
  3 jackals (D:2)
  3 kobolds
  4 quokkas
  2 ball pythons
  4 bats
  2 frilled lizards (D:1)
  4 goblins
  4 rats
38 creatures vanquished.

Notes
Turn   | Place    | Note
-------+----------+-------------------------------------------
     0 | D:1      | Moral the Merfolk Gladiator began the quest for the Orb.
     0 | D:1      | Reached XP level 1. HP: 16/16 MP: 1/1
   247 | D:1      | Reached XP level 2. HP: 23/23 MP: 2/2
   895 | D:2      | Reached XP level 3. HP: 28/28 MP: 3/3
   975 | D:2      | HP: 1/29 [worm (6)]
  1728 | D:3      | Found a basalt altar of Yredelemnul.
  1854 | D:3      | Found an ornate altar of the Wu Jian Council.
  1854 | D:3      | Noticed Jessica
  1864 | D:3      | Killed Jessica
  1865 | D:3      | Reached XP level 4. HP: 27/35 MP: 4/4
  1948 | D:3      | Noticed Grinder
  1956 | D:3      | Paralysed by Grinder for 5 turns
  1958 | D:3      | Slain by Grinder

Illustrated notes

Levels and vault maps discovered:
D:1:      psy_arrival_terrarium, layout_basic
D:2:      layout_rooms, nicolae_wormholes
D:3:      layout_basic, nicolae_wu_jian_immortal_techniques,
          yredelemnul_altar_generic, st_stairs_7, uniq_jessica, uniq_grinder,
          uniq_natasha

Skill      XL: |  1  2  3 |
---------------+----------+-----
Long Blades    | 4 |  4.8
Fighting       | 3 |  3.6
Throwing       | |  2.0
Dodging        | |  4.7

Action                     |  1- 3 |  4- 6 || total
---------------------------+-------+-------++-------
  Melee: Long sword        |   112 |     7 ||   119
         Punch             |     1 |       ||     1
   Stab: Sleeping          |     3 |       ||     3
 Armour: Leather armour    |    27 |     3 ||    30
  Dodge: Dodged            |    86 |     2 ||    88

Table legend: (Time is in decaauts)
 A = Elapsed time spent in this place.
 B = Non-inter-level travel time spent in this place.
 C = Inter-level travel time spent in this place.
 D = Time resting spent in this place.
 E = Time spent auto-exploring this place.
 F = Levels seen in this place.
 G = Mean time per level.
                   A        B        C        D        E       F      G
               +--------+--------+--------+--------+--------+-----+--------+
         Total |   1980 |   1980 |      0 |    251 |   1224 |   3 |  660.0 |
       Dungeon |   1980 |   1980 |      0 |    251 |   1224 |   3 |  660.0 |
               +--------+--------+--------+--------+--------+-----+--------+

Top non-repeatable levels by time:
     D:1: 863 daAuts
     D:2: 850 daAuts
     D:3: 265 daAuts
